 Dungeon Crawl Stone Soup version 0.16.0 (webtiles) character file.

12473 Chiseanne the Cleaver (level 12, -3/98 HPs)
             Began as a Formicid Fighter on Mar 14, 2015.
             Was a High Priest of Makhleb.
             Slain by a five-headed hydra (8 damage)
             ... on level 12 of the Dungeon.
             The game lasted 00:40:29 (10206 turns).

Chiseanne the Cleaver (Formicid Fighter)           Turns: 10206, Time: 00:40:29

Health: -3/98      AC:  8    Str: 28    XL:     12   Next: 20%
Magic:  25/25      EV:  9    Int:  7    God:    Makhleb [*****.]
Gold:   312        SH: 19    Dex: 11    Spells: 0 memorised, 11 levels left

rFire  . . .     SeeInvis +     s - +4 scimitar (flame) (curse)
rCold  . . .     Clarity  .     Y - +3 leather armour of Peek-a-Boo {Str+6 Int-4 Slay+2}
rNeg   + . .     SustAb   +     e - +0 large shield
rPois  .         Gourm    .     (helmet unavailable)
rElec  .         Spirit   .     (no cloak)
rCorr  .         Warding  +     (no gloves)
rMut   .         Stasis   +     N - +0 pair of boots {run} (curse)
MR     +....                    o - amulet of warding
Stlth  +.........               u - ring of magical power
                                m - ring of sustain abilities

@: quick, somewhat resistant to hostile enchantments, very unstealthy
A: permanent stasis, dig shafts and tunnels, four strong arms, antennae 3
a: Dig, Shaft Self, Minor Destruction, Lesser Servant of Makhleb, Major
Destruction, Greater Servant of Makhleb, Renounce Religion


You were on level 12 of the Dungeon.
You worshipped Makhleb.
Makhleb was extremely pleased with you.
You were not hungry.

You visited 2 branches of the dungeon, and saw 13 of its levels.
You also visited: Ossuary.

You collected 762 gold pieces.
You spent 450 gold pieces at shops.

Inventory:

Hand weapons
 a - a +5 battleaxe of freezing
 s - a cursed +4 scimitar of flaming (weapon)
 w - a +0 blowgun
Missiles
 q - 87 poisoned needles
 x - 4 throwing nets (quivered)
 I - 7 needles of confusion
 W - 3 javelins
 Z - 7 needles of paralysis
Armour
 e - a +0 large shield (worn)
 p - a +0 chain mail of fire resistance
 v - a +1 pair of boots of flying
 N - a cursed +0 pair of boots of running (worn)
 Y - the +3 leather armour of Peek-a-Boo (worn) {Str+6 Int-4 Slay+2}
   (You found it on level 12 of the Dungeon)

   It affects your strength (+6).
   It affects your intelligence (-4).
   It affects your accuracy and damage with ranged weapons and melee attacks
   (+2).
Jewellery
 b - an uncursed amulet of clarity
 l - a cursed amulet of resist corrosion
 m - a ring of sustain abilities (left hand)
 o - an amulet of warding (around neck)
 u - a ring of magical power (right hand)
 A - an uncursed ring of flight
 B - the amulet of Dut Icax {Clar rElec rF+ MP+9 Slay-2 SInv}
   (You found it on level 8 of the Dungeon)

   [amulet of clarity]

   It provides mental clarity.
   It affects your accuracy and damage with ranged weapons and melee attacks
   (-2).
   It protects you from fire.
   It insulates you from electricity.
   It affects your magic capacity (+9).
   It enhances your eyesight.
 Q - an uncursed amulet of resist mutation
Magical devices
 z - a wand of random effects (25)
 F - a wand of cold (11)
 J - a wand of teleportation (3)
 P - a wand of draining (2)
 T - a wand of flame (24)
Scrolls
 j - 2 scrolls of fear
 t - 7 scrolls of identify
 y - 3 scrolls of remove curse
 H - a scroll of immolation
 K - a scroll of fog
Potions
 f - 3 potions of heal wounds
 k - 3 potions of curing
 n - a potion of restore abilities
 r - 2 potions of invisibility
 D - a potion of mutation
 E - 2 potions of lignification
 L - a potion of flight
 M - a potion of ambrosia
 U - a potion of magic
Books
 c - a book of Battle

   Spells                             Type                      Level
   a - Infusion                       Charms                       1
   b - Shroud of Golubria             Charms/Translocation         2
   c - Song of Slaying                Charms                       2
   d - Spectral Weapon                Hexes/Charms                 3
   e - Regeneration                   Charms/Necromancy            3
 G - a book of Annihilations {highlevel}

   This book is beyond your current level of understanding.

   Spells                             Type                      Level
   a - Poison Arrow                   Conjuration/Poison           6
   b - Chain Lightning                Conjuration/Air              8
   c - Lehudib's Crystal Spear        Conjuration/Earth            8
   d - Glaciate                       Conjuration/Ice              9
   e - Fire Storm                     Conjuration/Fire             9
 R - a book of Summonings

   Spells                             Type                      Level
   a - Abjuration                     Summoning                    3
   b - Recall                         Summoning/Translocation      3
   c - Shadow Creatures               Summoning                    5
   d - Summon Demon                   Summoning                    5
   e - Summon Forest                  Summoning/Translocation      5
   f - Monstrous Menagerie            Summoning                    6
 S - a book of the Earth

   Spells                             Type                      Level
   a - Leda's Liquefaction            Hexes/Earth                  4
   b - Bolt of Magma                  Conjuration/Fire/Earth       5
   c - Statue Form                    Transmutation/Earth          6
   d - Iron Shot                      Conjuration/Earth            6
   e - Shatter                        Earth                        9
Comestibles
 d - 12 bread rations
 g - 3 beef jerkies
 h - 2 meat rations
 O - 7 fruits
 X - 2 chunks of flesh


   Skills:
 * Level 10.4 Fighting
 * Level 11.6 Axes
 * Level 9.7 Armour
 * Level 10.4 Shields


You had 11 spell levels left.
You didn't know any spells.

Dungeon Overview and Level Annotations

Branches:
Dungeon (12/15)            Temple (1/1) D:5            Lair (0/8) D:8
    Orc (0/4) D:11

Altars:
Ashenzari
Fedhas
Gozag
Makhleb
Nemelex Xobeh
Okawaru
Qazlal
Sif Muna
Trog
Vehumet
Xom
Zin

Shops:
D:9 *([   D:12 %


Innate Abilities, Weirdness & Mutations

You are under a permanent stasis effect.
You can dig through walls and to a lower floor.
Your four strong arms can wield two-handed weapons with a shield.
You have a pair of large antennae on your head (SInv).


Message History

The five-headed hydra barely misses you.
The five-headed hydra bites you!
You block the five-headed hydra's attack.
The five-headed hydra bites you!
You block the five-headed hydra's attack.
The worker ant bites you.
You barely miss the five-headed hydra.
The five-headed hydra is severely wounded.
The worker ant bites you but does no damage.
The five-headed hydra bites you! x2
* * * LOW HITPOINT WARNING * * *
The five-headed hydra bites you but does no damage.
You block the five-headed hydra's attack. x2
The worker ant closely misses you. The five-headed hydra bites you!
* * * LOW HITPOINT WARNING * * *
The five-headed hydra bites you!
* * * LOW HITPOINT WARNING * * *
You block the five-headed hydra's attack.
The five-headed hydra bites you!
You die...

##### .....#+####.### ##
####............ .#
..##....#.#.# .###
#.##...@+..... ...#
#.###..Da.#.#.#. .#.#
#.##...........
.#.#######.##......#.#.#
.#.......#.##.(.?.......
.#######.#.....##..#.#.
.).....................
.)...########..#####.#
<#...###.#.....#


You could see a five-headed hydra and a worker ant.

Vanquished Creatures
  Erica (D:11)
  An unseen horror (D:11)
  An ugly thing (D:12)
  Joseph (D:11)
  The ghost of ThermosAquaticus the Summoner, an experienced TeSu of Sif Muna (D:6)
  A gargoyle (D:11)
  A wyvern (D:8)
  19 yaks
  A spriggan (D:7)
  3 hippogriffs
  2 vampire mosquitoes (D:12)
  2 hungry ghosts
  4 wargs (D:11)
  Edmund (D:4)
  4 orc warriors
  5 centaurs
  An ice beast (D:6)
  A sky beast (D:7)
  An ogre (D:5)
  2 phantoms
  A necrophage (D:9)
  A wasp (D:10)
  3 boring beetles (D:8)
  2 big kobolds
  Sigmund (D:4)
  4 giant frogs
  A gnoll sergeant (D:7)
  A wyvern skeleton (D:11)
  A water moccasin skeleton (D:11)
  3 killer bees (D:11)
  6 scorpions
  An electric eel (D:7)
  3 goliath beetles
  3 crimson imps
  A giant frog zombie (D:12)
  6 wights
  4 hounds
  2 centaur zombies
  2 centaur skeletons
  2 jellies
  A giant frog skeleton (D:8)
  5 orc priests
  13 orc wizards
  2 iguanas
  8 worker ants
  A big kobold zombie (Ossuary)
  2 hound zombies (D:5)
  6 mummies
  2 worker ant zombies
  11 gnolls
  A river rat (D:6)
  11 adders
  A giant mite (D:1)
  A shadow imp (D:8)
  A worm (D:3)
  An adder zombie (D:7)
  4 giant geckos
  2 oozes
  38 orcs
  3 ball pythons
  5 bats
  A bat skeleton (D:6)
  2 giant cockroaches
  3 gnoll zombies (Ossuary)
  12 goblins
  10 hobgoblins
  7 jackals
  19 kobolds
  4 quokkas
  A giant gecko zombie (D:5)
  3 giant newts
  A giant spore (D:10)
  4 kobold zombies (Ossuary)
  18 rats
  2 ballistomycetes (D:10)
307 creatures vanquished.

Vanquished Creatures (others)
  A gnoll (D:7)
1 creature vanquished.

Grand Total: 308 creatures vanquished

Notes
Turn   | Place    | Note
--------------------------------------------------------------
     0 | D:1      | Chiseanne, the Formicid Fighter, began the quest for the Orb.
     0 | D:1      | Reached XP level 1. HP: 18/18 MP: 1/1
   369 | D:1      | Reached XP level 2. HP: 21/24 MP: 3/3
   736 | D:2      | Reached skill level 4 in Shields
   736 | D:2      | Reached XP level 3. HP: 18/30 MP: 4/4
   993 | D:2      | Found an iron altar of Okawaru.
  1175 | D:2      | Reached XP level 4. HP: 30/37 MP: 5/5
  1634 | D:3      | Reached XP level 5. HP: 30/42 MP: 7/7
  2137 | D:4      | Reached skill level 5 in Shields
  2164 | D:4      | Noticed a phantom
  2178 | D:4      | Killed a phantom
  2178 | D:4      | Reached XP level 6. HP: 41/48 MP: 8/8
  2699 | D:4      | Found a radiant altar of Vehumet.
  2703 | D:4      | Noticed Edmund
  2711 | D:4      | Killed Edmund
  2711 | D:4      | Reached skill level 5 in Armour
  2711 | D:4      | Reached XP level 7. HP: 52/55 MP: 9/9
  2769 | D:4      | Noticed Sigmund
  2776 | D:4      | Killed Sigmund
  3048 | D:4      | Reached skill level 6 in Shields
  3296 | D:5      | Entered Level 5 of the Dungeon
  3403 | D:5      | Found a staircase to the Ecumenical Temple.
  3433 | Temple   | Entered the Ecumenical Temple
  3540 | Temple   | Became a worshipper of Makhleb the Destroyer
  3670 | D:5      | Reached skill level 5 in Fighting
  3699 | D:5      | Reached XP level 8. HP: 58/62 MP: 11/11
  3787 | D:5      | Reached skill level 5 in Axes
  3950 | D:5      | Found a sparkling altar of Nemelex Xobeh.
  4386 | D:6      | Noticed ThermosAquaticus' ghost (experienced TeSu)
  4393 | D:6      | Killed ThermosAquaticus' ghost
  4393 | D:6      | Reached skill level 7 in Shields
  4424 | D:6      | Acquired Makhleb's first power
  4619 | D:6      | Reached XP level 9. HP: 64/69 MP: 12/12
  4855 | D:6      | Found a sand-covered staircase.
  4866 | Ossuary  | Entered an ossuary
  5199 | D:6      | Acquired Makhleb's second power
  5833 | D:7      | Reached skill level 8 in Shields
  5834 | D:7      | Found an opulent altar of Gozag.
  6454 | D:7      | Reached XP level 10. HP: 9/79 MP: 13/13
  6853 | D:7      | Acquired Makhleb's third power
  7196 | D:8      | Reached skill level 9 in Shields
  7214 | D:8      | Got a glittering platinum amulet
  7223 | D:8      | Identified the amulet of Dut Icax {Clar rElec rF+ MP+9 Slay-2 SInv} (You found it on level 8 of the Dungeon)
  7309 | D:8      | Found a staircase to the Lair.
  7438 | D:8      | Identified a scroll of acquirement
  7998 | D:9      | Found Kyvi's Antique Armour Shoppe.
  8001 | D:9      | Bought a twisted ring mail for 279 gold pieces
  8012 | D:9      | Identified the -9 ring mail of Oweip {rElec MR+ Regen+ Str-5 Int-3} (You bought it in a shop on level 9 of the Dungeon)
  8214 | D:9      | Acquired Makhleb's fourth power
  8280 | D:9      | Found Riax's Weapon Shop.
  8297 | D:9      | Found Khiucer's Assorted Antiques.
  8313 | D:9      | Bought a scroll of fog for 46 gold pieces
  8313 | D:9      | Bought a pink potion for 20 gold pieces
  8349 | D:10     | Entered Level 10 of the Dungeon
  8602 | D:10     | Identified a +0 pair of boots of running (You found it on level 10 of the Dungeon)
  8765 | D:10     | Reached XP level 11. HP: 66/87 MP: 15/15
  8890 | D:10     | You fall through a shaft!
  8893 | D:11     | Acquired Makhleb's fifth power
  8991 | D:11     | Noticed Erica
  8992 | D:11     | Reached skill level 10 in Axes
  9003 | D:11     | Killed Erica
  9033 | D:11     | Found a staircase to the Orcish Mines.
  9239 | D:11     | Reached skill level 10 in Shields
  9351 | D:11     | Noticed Joseph
  9362 | D:11     | Killed Joseph
  9551 | D:11     | Noticed an unseen horror
  9554 | D:11     | Killed an unseen horror
  9554 | D:11     | Reached skill level 11 in Axes
  9757 | D:12     | Reached skill level 10 in Fighting
  9825 | D:12     | Noticed a purple ugly thing
  9828 | D:12     | Killed a purple ugly thing
  9886 | D:12     | Reached XP level 12. HP: 97/97 MP: 16/16
  9964 | D:12     | Got a smelly leather armour
  9995 | D:12     | Identified the +3 leather armour of Peek-a-Boo {Str+6 Int-4 Slay+2} (You found it on level 12 of the Dungeon)
  9995 | D:12     | Found Bliputad's Food Boutique.
 10077 | D:12     | Bought 4 fruits for 60 gold pieces
 10077 | D:12     | Bought a fruit for 15 gold pieces
 10077 | D:12     | Bought a slice of pizza for 15 gold pieces
 10077 | D:12     | Bought a slice of pizza for 15 gold pieces
 10198 | D:12     | Noticed a seven-headed hydra
 10206 | D:12     | Slain by a five-headed hydra

Action                   |  1- 3 |  4- 6 |  7- 9 | 10-12 || total
-------------------------+-------+-------+-------+-------++-------
Melee: War axe           |    94 |   100 |       |       ||   194
       Battleaxe         |       |       |   221 |   290 ||   511
       Flail             |       |       |    13 |       ||    13
       Scimitar          |       |       |       |     3 ||     3
Throw: Tomahawk          |       |       |     3 |     1 ||     4
 Abil: Dig               |     1 |     6 |     5 |    13 ||    25
  Use: Scroll            |     4 |     9 |    10 |    12 ||    35
       Potion            |       |     1 |     3 |       ||     4
 Stab: Invisible         |       |       |     2 |       ||     2
  Eat: Chunk             |     1 |     5 |    10 |     9 ||    25
       Fruit             |       |       |     4 |       ||     4
       Royal jelly       |       |       |       |     1 ||     1
       Beef jerky        |       |       |       |     1 ||     1
       Pizza             |       |       |       |     2 ||     2
